 Dungeon Crawl Stone Soup version 0.24-a0-252-g5076262 (webtiles) character file.

Game seed: 7910220636512432090

311 Borgoz the Skirmisher (level 6, 0/38 HPs)
             Began as a Gargoyle Gladiator on Apr 17, 2019.
             Killed by divine providence
             ... invoked by an orc priest
              (16 damage)
             ... on level 4 of the Dungeon.
             The game lasted 00:04:58 (2672 turns).

Borgoz the Skirmisher (Gargoyle Gladiator)          Turns: 2672, Time: 00:04:59

Health: 0/38       AC: 12    Str: 26    XL:     6   Next: 42%
Magic:  6/6        EV: 13    Int:  8    God:
Gold:   71         SH:  0    Dex: 13    Spells: 5/5 levels left

rFire    . . .     SeeInvis .   a - +0 rapier
rCold    . . .     Gourm    .   (no shield)
rNeg     + . .     Faith    .   g - +2 leather armour {rPois}
rPois    ∞         Spirit   .   c - +0 helmet
rElec    +         Reflect  .   (no cloak)
rCorr    .         Harm     .   v - +0 pair of gloves {Str+3}
MR       .....                  (no boots)
Stlth    ++........             (no amulet)
HPRegen  0.12/turn              w - +4 ring of slaying
MPRegen  0.10/turn              (no ring)

@: mighty, slowed, very slow
A: negative energy resistance 1, electricity resistance, unbreathing,
petrification resistance, rot immunity, AC +4
a: no special abilities


You were on level 4 of the Dungeon.
You were hungry.

You visited 1 branch of the dungeon, and saw 4 of its levels.

You collected 71 gold pieces.

Inventory:

Hand Weapons
 a - a +0 rapier (weapon)
 q - a +0 dagger of holy wrath
Missiles
 d - 3 throwing nets (quivered)
Armour
 c - a +0 helmet (worn)
 g - a +2 leather armour of poison resistance (worn)
 v - a +0 pair of gloves of strength (worn)
 x - a +1 pair of gloves
Jewellery
 w - a +4 ring of slaying (left hand)
Wands
 y - a wand of disintegration (9)
Scrolls
 b - a scroll of enchant armour {unknown}
 e - 2 scrolls of amnesia {unknown}
 h - 5 scrolls of identify
 k - a scroll of blinking {unknown}
 o - 2 scrolls of immolation {unknown}
 p - a scroll of fear {unknown}
 t - 2 scrolls of magic mapping {unknown}
Potions
 i - 3 potions of might
 j - a potion of brilliance
 l - a potion of curing
 n - a potion of magic
 r - 2 potions of flight
 s - 3 potions of haste
 u - a potion of lignification {unknown}
Comestibles
 f - 12 rations


   Skills:
 + Level 3.7 Fighting
 + Level 3.7 Short Blades
 - Level 1.7 Throwing
 + Level 2.8 Armour
 + Level 3.3 Dodging
 + Level 2.9 Stealth


You had 5 spell levels left.
You didn't know any spells.
Your spell library was empty.

Dungeon Overview and Level Annotations

Branches:
Dungeon (4/15)
 Temple: D:4-7

Altars:


Innate Abilities, Weirdness & Mutations

You are resistant to torment.
Your stone body is resilient. (AC +4)
You are immune to poison.
You resist negative energy. (rN+)
You are resistant to electric shocks. (rElec)
You can survive without breathing.
You are immune to petrification.
You are immune to rotting.


Message History

You completely miss the adder. The adder misses you.
The orc wizard casts a spell.
The orc wizard blinks!
The adder bites you but does no damage.
You puncture the adder!
You kill the adder!
The jackal barely misses you.
You impale the jackal!!
You kill the jackal!
You puncture the orc priest!
The orc priest is severely wounded.
The orc priest closely misses you.
The orc priest hits you but does no damage.
The orc wizard gestures wildly while chanting.
The orc wizard blinks!
You closely miss the orc priest.
The orc priest is severely wounded.
The orc priest looks encouraged for a moment.
The orc priest calls down the wrath of Beogh upon you.
Beogh smites you!
You die...

........####..#####+
#. #######.#
#...o##..## #.
#.†...#.# #...§'....#
..###.#.# ##..##....#
#####.#.# ######hS##
......#.# ##o#
#####.#.# #.#
.##...#.# #####o##
.##.#.#.# #.§@oo.#
.##.#.#.######.####o#
.##.#.#...........#.#
....#.########.#.##.#
#####.# #.#..#.# #.#
#.##.#.# #####.#
#.##...# ......#
#.###### ####### #.#


You could see 2 orc priests, an orc wizard and an orc.

Vanquished Creatures
  A sky beast (D:4)
  2 orc wizards (D:4)
  A worker ant (D:4)
  8 adders
  A dart slug (D:2)
  2 orcs (D:3)
  4 bats
  4 giant cockroaches
  6 goblins
  5 hobgoblins
  10 jackals
  8 frilled lizards
  11 kobolds
  5 rats
68 creatures vanquished.

Notes
Turn   | Place    | Note
-------+----------+-------------------------------------------
     0 | D:1      | Borgoz the Gargoyle Gladiator began the quest for the Orb.
     0 | D:1      | Reached XP level 1. HP: 12/12 MP: 1/1
   163 | D:1      | Reached XP level 2. HP: 18/18 MP: 2/2
   177 | D:1      | You fall through a shaft!
   406 | D:1      | Reached skill level 1 in Stealth
   626 | D:1      | Reached skill level 1 in Armour
   914 | D:2      | Reached XP level 3. HP: 22/22 MP: 3/3
  1574 | D:3      | Reached XP level 4. HP: 20/27 MP: 4/4
  2376 | D:4      | Reached XP level 5. HP: 31/32 MP: 5/5
  2523 | D:4      | Noticed a sky beast
  2537 | D:4      | Killed a sky beast
  2537 | D:4      | Reached XP level 6. HP: 34/37 MP: 6/6
  2672 | D:4      | Killed from afar by an orc priest

Levels and vault maps discovered:
D:1:      ncdulo_watergridlock, layout_basic, minmay_tree_intersection,
          chequers_avenue, hangedman_glass_garden
D:2:      layout_loops_cross, roderic_lattice_a, corexii_item_surrounded_by_moat
D:3:      layout_basic, serial_park_tiny_1
D:4:      minmay_bubble_buster, layout_basic, first_ration

Skill      XL: |  1  2  3  4 |
---------------+-------------+-----
Stealth        | 1 2 |  2.9
Armour         | 1 2 |  2.8
Short Blades   | 3 |  3.7
Fighting       | 3 |  3.7
Dodging        | 3 |  3.3
Throwing       | |  1.7

Action                   |  1- 3 |  4- 6 || total
-------------------------+-------+-------++-------
Melee: Rapier            |   116 |   100 ||   216
  Use: Scroll            |     6 |     1 ||     7
       Potion            |     1 |     3 ||     4
 Stab: Sleeping          |     2 |     2 ||     4
  Eat: Chunk             |     2 |     3 ||     5
Armor: Leather armour    |    52 |    73 ||   125
Dodge: Dodged            |    89 |    85 ||   174

Table legend:
 A = Non-vault XP
 B = Vault XP
 C = Vault XP percentage of total XP
 D = Non-vault monster count
 E = Vault monster count
 F = Vault count percentage of total count
                 A         B        C        D         E       F
            +---------+---------+-------+---------+---------+-------
      Total |     430 |      15 |   3.4 |      66 |       2 |   2.9
            +---------+---------+-------+---------+---------+-------
        D:1 |      24 |       0 |   0.0 |      15 |       0 |   0.0
        D:2 |      40 |       0 |   0.0 |      17 |       0 |   0.0
        D:3 |      71 |       0 |   0.0 |      22 |       0 |   0.0
        D:4 |     295 |      15 |   4.8 |      12 |       2 |  14.3
            +---------+---------+-------+---------+---------+-------
